 Dungeon Crawl Stone Soup version 0.30-a0-760-g5a9884bb7c (webtiles) character file.

Game seed: 2642697593709733659

74092 boo the Fencer (level 15, -2/112 (141) HPs)
             Began as a Minotaur Fighter on Feb 11, 2023.
             Was an Elder of Okawaru.
             Slain by Frances
             ... wielding a +4 scimitar of freezing
              (12 damage)
             ... on level 13 of the Dungeon.
             The game lasted 00:43:42 (24814 turns).

boo the Fencer (Minotaur Fighter)                  Turns: 24814, Time: 00:43:42

HP:   -2/112 (141)  AC: 25    Str: 28    XL:     15   Next: 5%
MP:   23/23         EV:  8    Int:  7    God:    Okawaru [****..]
Gold: 1529          SH: 10    Dex: 12    Spells: 14/14 levels left

rFire   + . .      SeeInvis +    a - +7 Throatcutter {drain, coup de grace}
rCold   . . .      Faith    .    c - +0 buckler
rNeg    . . .      Spirit   .    r - +3 plate armour
rPois   +          Reflect  +    (helmet restricted)
rElec   .          Harm     .    (no cloak)
rCorr   +          Rampage  .    R - +2 pair of gloves {hurl}
Will    +....                    j - +0 pair of boots "Tesuquocs" {rF+ Str+2 Int+2} Stlth
                                 X - amulet of reflection
HPRegen 0.38/turn                v - ring of the Cuttlefish {rPois MP+9 SInv}
MPRegen 0.18/turn                y - ring of resist corrosion

@: about to teleport, heavily drained
A: horns 2, retaliatory headbutt
a: Renounce Religion, Heroism, Finesse


You were on level 13 of the Dungeon.
You worshipped Okawaru.
Okawaru was greatly pleased with you.
You visited 4 branches of the dungeon, and saw 22 of its levels.
You also visited: Gauntlet.

You collected 2279 gold pieces.
You spent 750 gold pieces at shops.

Inventory:

Hand Weapons
 a - the +7 Throatcutter (weapon) {drain, coup de grace}
   (You found it on level 5 of the Dungeon)
 b - a +1 scimitar of flaming
 h - the +6 falchion of Demonkind {venom, Int+4 Dex-5}
   (Okawaru gifted it to you on level 13 of the Dungeon)

   Int:       It affects your intelligence (+4).
   Dex:       It affects your dexterity (-5).
 u - a +2 antimagic great sword
 S - a +2 antimagic demon blade
Missiles
 M - 5 atropa-tipped darts
 W - 12 silver javelins (quivered)
Armour
 c - a +0 buckler (worn)
 j - the +0 pair of boots "Tesuquocs" (worn) {rF+ Str+2 Int+2}
   (Okawaru gifted it to you on level 3 of the Lair of Beasts)

   Str:       It affects your strength (+2).
   Int:       It affects your intelligence (+2).
   rF:        It protects you from fire.
 r - a +3 plate armour (worn)
 N - the +0 cloak of the Baker {*Corrode Drain Fly rN+++}
   (You found it on level 8 of the Dungeon)

   rN:        It renders you almost immune to negative energy.
   Fly:       It grants you flight.
   *Corrode:  It may corrode you when you take damage.
   Drain:     It drains your maximum health when unequipped.
 R - a +2 pair of gloves of hurling (worn)
 T - a +2 tower shield
Jewellery
 f - the ring of Qunkazue {rN+ AC+4 Str+4}
   (You acquired it on level 14 of the Dungeon)

   [ring of protection]

   AC:        It affects your AC (+4).
   Str:       It affects your strength (+4).
   rN:        It protects you from negative energy.
 v - the ring of the Cuttlefish (left hand) {rPois MP+9 SInv}
   (You found it on level 4 of the Dungeon)

   [ring of see invisible]

   rPois:     It protects you from poison.
   MP:        It affects your magic capacity (+9).
   SInv:      It lets you see invisible.
 y - a ring of resist corrosion (right hand)
 I - a ring of protection from fire
 J - the ring of the Tortoise {AC+8}
   (You found it in a Gauntlet)

   [ring of protection]

   AC:        It affects your AC (+8).
 X - an amulet of reflection (around neck)
Wands
 m - a wand of polymorph (10)
 x - a wand of flame (20)
 G - a wand of roots (14)
 L - a wand of mindburst (5)
 Z - a wand of light (10)
Scrolls
 d - 6 scrolls of blinking
 e - 11 scrolls of teleportation
 g - 6 scrolls of poison
 n - a scroll of magic mapping
 q - 2 scrolls of enchant armour
 s - 4 scrolls of amnesia
 E - 2 scrolls of silence
 F - 6 scrolls of fog
 H - 3 scrolls of summoning {unknown}
 K - a scroll of fear
 O - 3 scrolls of enchant weapon
 Q - a scroll of brand weapon
Potions
 i - 5 potions of flight
 k - 13 potions of curing
 o - 2 potions of lignification
 p - 6 potions of brilliance
 t - a potion of cancellation
 w - 5 potions of heal wounds
 z - 2 potions of berserk rage {unknown}
 B - 3 potions of might
 C - 3 potions of invisibility {unknown}
 D - 2 potions of resistance {unknown}
 P - a potion of ambrosia {unknown}
 U - 2 potions of magic {unknown}
 Y - 2 potions of mutation {unknown}
Miscellaneous
 l - a condenser vane
 A - a lightning rod (4/4)


   Skills:
 + Level 15.0 Fighting
 * Level 20.2 Long Blades
 - Level 11.3 Throwing
 + Level 15.0 Armour
 - Level 5.0 Shields
 + Level 2.1 Evocations


You had 14 spell levels left.
You didn't know any spells.
Your spell library contained the following spells:

 Spells                   Type           Power      Damage    Failure   Level
 Beastly Appendage        Tmut           0%         N/A       98%         1
 Kiss of Death            Conj/Necr      0%         2d5       98%         1
 Necrotise                Necr           0%         1d4       98%         1
 Sting                    Tmut/Pois      0%         1d3       98%         1
 Poisonous Vapours        Pois/Air       0%         N/A       99%         2
 Scorch                   Fire           0%         2d5       99%         2
 Wereblood                Tmut           0%         N/A       99%         2
 Confusing Touch          Hex            0%         N/A       100%        3
 Dazzling Flash           Conj/Hex       0%         N/A       100%        3
 Frozen Ramparts          Ice            0%         1d1       100%        3
 Ignite Poison            Fire/Tmut/Pois 0%         N/A       100%        3
 Kindle Blastsparks       Fire/Tloc/Air  0%         2d10      100%        3
 Spider Form              Tmut/Pois      0%         N/A       100%        3
 Vampiric Draining        Necr           0%         2d6       100%        3
 Dispel Undead            Necr           0%         3d6       100%        4
 Flame Wave               Conj/Fire      0%         2d4       100%        4
 Ice Form                 Ice/Tmut       0%         N/A       100%        4
 Olgreb's Toxic Radiance  Pois           0%         N/A       100%        4
 Agony                    Necr           0%         N/A       100%        5
 Freezing Cloud           Conj/Ice/Air   0%         6-21      100%        5
 Silence                  Hex/Air        0%         N/A       100%        5
 Summon Ice Beast         Ice/Summ       Unusable   N/A       N/A         4
 Summon Cactus Giant      Summ           Unusable   N/A       N/A         6

Dungeon Overview and Level Annotations

Branches:
Dungeon (14/15)            Temple (1/1) D:4            Lair (5/5) D:10
 Shoals (0/4) Lair:3        Snake (0/4) Lair:2        Slime (0/5) Lair:5
    Orc (2/2) D:10            Elf (0/3) Orc:2       Gauntlet (visited)
 Vaults: D:13-14

Altars:
Ashenzari
Cheibriados
Dithmenos
Elyvilon
Fedhas
Gozag
Hepliaklqana
Kikubaaqudgha
Makhleb
Nemelex Xobeh
Okawaru
Qazlal
Ru
Sif Muna
Trog
Uskayaw
Vehumet
Wu Jian
Xom
Yredelemnul
Zin
The Shining One
Jiyva

Shops:
D:5 [   D:6 *   Orc:2 :===

Annotations:
D:6 exclusion: downstairs
D:8 1 runed translucent door, Valamore's ghost, novice MiFi
D:13 exclusion: downstairs, Frances
Lair:1 exclusion: downstairs
Lair:2 exclusion: oklob plant
Lair:3 2 transporters, exclusions: ice statue and oklob plant, Kithraux's ghost, journeyman TrAr
Lair:5 1 runed translucent door, mistaj's ghost, journeyman TrMo


Innate Abilities, Weirdness & Mutations

You have a pair of horns on your head.
You reflexively headbutt those who attack you in melee.


Message History

You start removing your armour.
You continue taking off the +0 cloak of the Baker {*Corrode Drain Fly rN+++}. x4
You finish taking off the +0 cloak of the Baker {*Corrode Drain Fly rN+++}.
You float gracefully downwards.
HP restored.
You feel drained.
You start waiting.
Frances is nearby!
Frances shouts!
Frances chants phrases taken from a devil's mouth.
Frances seems to speed up.
You see here 3 scrolls labelled MAADGH ELLAFI.
H - 3 scrolls labelled MAADGH ELLAFI Frances mutters in a terrible tongue.
Frances whispers indecipherable words.
Things that are here:
a +6 ring of strength; a +6 ring of strength Frances drinks a potion.
Frances seems to grow stronger.
Frances attacks as you move away!
Frances hits you with a +4 scimitar of freezing.
Frances freezes you. Frances attacks as you move away!
Frances barely misses you. You furiously retaliate!
You headbutt Frances!
Frances hits you with a +4 scimitar of freezing!
Frances freezes you.
Frances chants phrases taken from a devil's mouth.
The shard of ice hits you!!!
There is a stone staircase leading up here.
Frances hits you with a +4 scimitar of freezing.
Frances freezes you.
You climb upwards.
The orange demon disappears in a puff of smoke!
Level annotation: exclusion: downstairs
There is a stone staircase leading down here.
As you read the scroll of teleportation, it crumbles to dust.
You feel strangely unstable.
Frances mutters a nigh-unspeakable word.
Frances screams a word of power!
Frances hits you with a +4 scimitar of freezing!!
* * * LOW HITPOINT WARNING * * *
Frances freezes you!
You die...

#.# #.# ###.# #.## #.# #.# ...##
#.# #.# ...[## #.# #.# .....###
#.# #.# ...<...# #.# #.#
.....#.# #.# #.. ....##.#
##4###### #.. ...###.#
#@@4....########.. #..# #.#
#..####........... #.∩# #.# #.##
##########.. ##(# #.# #.# #..
#.# #.# #.# #.. #.# #.# #.# ##..
#.# #.# #.#############...
#.###.#########.............#.##
#............##.#######.......#


You could see Frances (fast, strong), a hellwing (summoned) and a chaos spawn
(summoned).

Vanquished Creatures
  Donald (Orc:2)
  A minotaur (Gauntlet)
  Erolcha (D:13)
  3 catoblepae (Lair:5)
  3 hydras
  Erica (Lair:1)
  5 centaur warriors (D:13)
  An anaconda (shapeshifter) (D:13)
  2 boulder beetles
  2 two-headed ogres
  A tengu warrior (D:13)
  15 death yaks
  An orc high priest (Orc:2)
  4 skeletal warriors (D:13)
  2 skysharks
  A flayed ghost (D:13)
  An obsidian statue (D:12)
  3 orc knights
  A lindwurm (Lair:4)
  2 deep elf pyromancers
  2 cyclopes (D:13)
  An oklob plant (Gauntlet)
  2 ugly things (D:12)
  6 orc sorcerers (Orc:2)
  2 manticores
  7 elephants (Lair:3)
  3 torpor snails
  5 black mambas
  2 gargoyles
  6 cane toads
  2 rime drakes
  6 komodo dragons
  2 unseen horrors (D:11)
  5 trolls
  An ice devil (Gauntlet)
  A meliai (D:13)
  A hornet (shapeshifter) (D:13)
  2 hornets
  3 polar bears
  Prince Ribbit (D:6)
  19 dream sheep
  10 blink frogs
  3 slime creatures (D:13)
  2 shadows
  A ynoxinul (Gauntlet)
  2 vampires
  3 wyverns
  52 yaks
  Grum (D:11)
  4 basilisks
  2 steam dragons
  5 wargs
  Menkaure (D:4)
  2 acid dragons
  16 water moccasins
  18 orc warriors
  2 black bears
  15 wolves
  8 ogres
  8 centaurs
  2 phantoms
  2 kobold brigands
  20 bullfrogs
  3 scorpions (D:5)
  A necrophage (D:4)
  16 wights
  4 killer bees
  2 howler monkeys
  2 jellies
  4 hounds
  21 orc priests
  3 iguanas
  2 iron imps (Gauntlet)
  Natasha (thrice) (D:4)
  Ijyb (D:3)
  45 orc wizards
  Robin (D:3)
  2 gnolls (D:7)
  6 adders
  5 white imps
  2 dart slugs
  65 orcs
  10 ball pythons
  5 endoplasms
  12 goblins
  13 hobgoblins
  4 jackals
  4 quokkas
  5 bats
  7 frilled lizards
  14 kobolds
  6 rats
577 creatures vanquished.

Vanquished Creatures (others)
  A gnoll (D:7)
  34 fungi
  55 plants
90 creatures vanquished.

Grand Total: 667 creatures vanquished

Notes
Turn   | Place    | Note
-------+----------+-------------------------------------------
     0 | D:1      | boo the Minotaur Fighter began the quest for the Orb.
     0 | D:1      | Reached XP level 1. HP: 19/19 MP: 0/0
   197 | D:1      | Reached XP level 2. HP: 27/27 MP: 1/1
   240 | D:1      | Reached skill level 3 in Long Blades
   582 | D:1      | Found a faded altar of an unknown god.
   739 | D:2      | Reached XP level 3. HP: 33/33 MP: 2/2
  1542 | D:3      | Reached XP level 4. HP: 40/40 MP: 3/3
  1556 | D:3      | Noticed Robin
  1566 | D:3      | Killed Robin
  1567 | D:3      | Reached skill level 4 in Long Blades
  1803 | D:3      | Noticed Ijyb
  1820 | D:3      | HP: 2/41 [rat (1)]
  1822 | D:3      | Killed Ijyb
  1823 | D:3      | Reached XP level 5. HP: 3/47 MP: 4/4
  2398 | D:3      | Noticed a phantom
  2408 | D:3      | Killed a phantom
  2409 | D:3      | Reached skill level 5 in Long Blades
  2409 | D:3      | Reached XP level 6. HP: 55/55 MP: 5/5
  2735 | D:4      | Found a staircase to the Ecumenical Temple.
  2751 | D:4      | Reached skill level 5 in Armour
  3154 | Temple   | Entered the Ecumenical Temple
  3215 | Temple   | Became a worshipper of Warmaster Okawaru
  3313 | D:4      | Reached skill level 5 in Fighting
  3313 | D:4      | Reached skill level 5 in Shields
  3374 | D:4      | Noticed Menkaure
  3385 | D:4      | Killed Menkaure
  3386 | D:4      | Reached skill level 6 in Long Blades
  3444 | D:4      | Identified the ring of the Cuttlefish {rPois MP+9 SInv}
  3552 | D:4      | Noticed Natasha
  3558 | D:4      | Killed Natasha
  3558 | D:4      | Reached * piety under Okawaru
  3559 | D:4      | Reached XP level 7. HP: 54/61 MP: 6/6
  3586 | D:4      | Noticed Natasha
  3600 | D:4      | Killed Natasha
  3761 | D:4      | Noticed Natasha
  3769 | D:4      | Killed Natasha
  3981 | D:5      | Entered Level 5 of the Dungeon
  4070 | D:5      | Reached skill level 7 in Long Blades
  4167 | D:5      | Found Batuben's Antique Armour Shoppe.
  4172 | D:5      | Found the +7 Throatcutter {drain, coup de grace}
  4433 | D:5      | Found a glowing silver altar of Zin.
  4433 | D:5      | Found a glowing golden altar of the Shining One.
  4464 | D:5      | Bought a pair of glowing gloves for 225 gold pieces
  4505 | D:5      | Found a white marble altar of Elyvilon.
  4546 | D:5      | Reached ** piety under Okawaru
  4547 | D:5      | Reached XP level 8. HP: 62/71 MP: 7/7
  4616 | D:5      | Reached skill level 8 in Long Blades
  4616 | D:5      | Reached skill level 1 in Throwing
  4673 | D:5      | Found a basalt altar of Yredelemnul.
  4777 | D:6      | Found a radiant altar of Vehumet.
  4779 | D:6      | Found a shadowy altar of Dithmenos.
  5051 | D:6      | Found a broken altar of Ashenzari.
  5051 | D:6      | Found an ancient bone altar of Kikubaaqudgha.
  5089 | D:6      | Noticed Prince Ribbit
  5094 | D:6      | Killed Prince Ribbit
  5094 | D:6      | Reached *** piety under Okawaru
  5095 | D:6      | Reached skill level 9 in Long Blades
  5267 | D:6      | Found Bango's Fire Supplies.
  5397 | D:7      | Found a shimmering altar of Xom.
  5443 | D:7      | Reached XP level 9. HP: 66/79 MP: 8/8
  5582 | D:7      | Received a gift from Okawaru
  5584 | D:7      | Reached skill level 10 in Long Blades
  5824 | D:8      | Noticed Valamore's ghost (novice MiFi)
  5824 | D:8      | Found a runed translucent door.
  5924 | D:8      | Reached **** piety under Okawaru
  6056 | D:8      | Noticed a two-headed ogre
  6059 | D:8      | Noticed a deep elf pyromancer
  6067 | D:8      | Killed a two-headed ogre
  6068 | D:8      | Reached skill level 11 in Long Blades
  6069 | D:8      | Received a gift from Okawaru
  6075 | D:8      | Killed a deep elf pyromancer
  6076 | D:8      | Reached XP level 10. HP: 88/90 MP: 9/9
  6077 | D:8      | Reached skill level 5 in Throwing
  6103 | D:8      | Identified the +0 cloak of the Baker {*Corrode Drain Fly
                  | rN+++}
  6801 | D:9      | Reached skill level 12 in Long Blades
  6807 | D:9      | Reached ***** piety under Okawaru
  7094 | D:9      | Received a gift from Okawaru
  7764 | D:9      | Reached skill level 13 in Long Blades
  8264 | D:10     | Entered Level 10 of the Dungeon
  8312 | D:10     | Found a staircase to the Orcish Mines.
  8320 | D:10     | Received a gift from Okawaru
  8321 | D:10     | Reached skill level 10 in Fighting
  8329 | D:10     | Reached skill level 10 in Armour
  8329 | D:10     | Reached XP level 11. HP: 82/99 MP: 10/10
  8964 | D:10     | Found a staircase to the Lair.
  9886 | D:11     | Noticed Grum
  9897 | D:11     | Killed Grum
 10210 | Lair:1   | Entered Level 1 of the Lair of Beasts
 10210 | Lair:1   | Noticed Erica
 10216 | Lair:1   | Killed Erica
 10216 | Lair:1   | Received a gift from Okawaru
 10415 | Lair:1   | Reached skill level 14 in Long Blades
 10725 | Lair:1   | Received a gift from Okawaru
 11230 | D:5      | Bought a runed tower shield for 225 gold pieces
 11367 | Lair:2   | Noticed an oklob plant
 11829 | Lair:2   | Noticed a death yak
 11830 | Lair:2   | Noticed a death yak
 11830 | Lair:2   | Noticed a death yak
 11831 | Lair:2   | Noticed a death yak
 11831 | Lair:2   | Noticed a death yak
 11855 | Lair:2   | Killed a death yak
 11874 | Lair:2   | Killed a death yak
 11879 | Lair:2   | Killed a death yak
 11880 | Lair:2   | Reached skill level 15 in Long Blades
 11888 | Lair:2   | Killed a death yak
 11888 | Lair:2   | Received a gift from Okawaru
 11889 | Lair:2   | Reached XP level 12. HP: 28/110 MP: 11/11
 11893 | Lair:2   | Killed a death yak
 12213 | Lair:2   | Found a staircase to the Snake Pit.
 12226 | Lair:2   | Received a gift from Okawaru
 12466 | Lair:2   | Received a gift from Okawaru
 12705 | Lair:2   | Received a gift from Okawaru
 13161 | Lair:3   | Reached skill level 16 in Long Blades
 13551 | Lair:3   | Identified the +0 pair of boots "Tesuquocs" {rF+ Str+2
                  | Int+2} (Okawaru gifted it to you on level 3 of the Lair of
                  | Beasts)
 13551 | Lair:3   | Received a gift from Okawaru
 14035 | Lair:3   | Found a transporter.
 14146 | Lair:3   | Reached ****** piety under Okawaru
 14211 | Lair:3   | Noticed a six-headed hydra
 14213 | Lair:3   | Noticed Kithraux's ghost (journeyman TrAr)
 14233 | Lair:3   | Reached XP level 13. HP: 108/119 MP: 12/12
 14250 | Lair:3   | Found a transporter.
 14382 | Lair:3   | Found a staircase to the Shoals.
 14631 | Lair:3   | Reached skill level 17 in Long Blades
 15058 | Lair:4   | Identified the +6 rapier of Turmoil {heavy, Will+ rCorr
                  | SInv}
 15219 | Lair:4   | Received a gift from Okawaru
 15663 | Lair:4   | Received a gift from Okawaru
 16324 | Lair:5   | Entered Level 5 of the Lair of Beasts
 16327 | Lair:5   | Identified a scroll of acquirement
 16804 | Lair:5   | Reached skill level 10 in Throwing
 16868 | Lair:5   | Reached skill level 18 in Long Blades
 17088 | Lair:5   | Found a runed translucent door.
 17127 | Lair:5   | Received a gift from Okawaru
 17258 | Lair:5   | Found a viscous altar of Jiyva.
 17259 | Lair:5   | Found a shimmering altar of Xom.
 17259 | Lair:5   | Found a staircase to the Slime Pits.
 17259 | Lair:5   | Noticed mistaj's ghost (journeyman TrMo)
 17399 | Lair:5   | Received a gift from Okawaru
 17925 | Lair:5   | Received a gift from Okawaru
 17962 | Lair:5   | Reached XP level 14. HP: 83/130 MP: 13/13
 18213 | Lair:5   | Received a gift from Okawaru
 18324 | Lair:5   | Identified the +1 chain mail of Votiore {Rampage Int-3
                  | Dex+3} (Okawaru gifted it to you on level 5 of the Lair of
                  | Beasts)
 18324 | Lair:5   | Received a gift from Okawaru
 18580 | Orc:1    | Entered Level 1 of the Orcish Mines
 19165 | Orc:2    | Entered Level 2 of the Orcish Mines
 19256 | Orc:2    | Noticed Donald
 19273 | Orc:2    | Killed Donald
 19376 | Orc:2    | Reached skill level 19 in Long Blades
 19860 | Orc:2    | Found a staircase to the Elven Halls.
 19987 | Orc:2    | Found a burning altar of Makhleb.
 20247 | Orc:2    | Paralysed by an orc sorcerer for 4 turns
 20908 | Orc:2    | Found Ukkyzeaba's Jewellery Shoppe.
 20908 | Orc:2    | Found Kunagil's Jewellery Shoppe.
 20909 | Orc:2    | Found Moxiet's Book Emporium.
 20913 | Orc:2    | Found Nog Kyd's Jewellery Emporium.
 20931 | Orc:2    | Bought a ring of resist corrosion for 300 gold pieces
 22320 | D:13     | Received a gift from Okawaru
 22325 | D:13     | Found a gate leading to a gauntlet.
 22566 | Gauntlet | Entered a Gauntlet
 22566 | Gauntlet | Found a transporter.
 22566 | Gauntlet | Found a transporter.
 22588 | Gauntlet | Found a transporter.
 22591 | Gauntlet | Found a transporter.
 22592 | Gauntlet | Found a transporter.
 22605 | Gauntlet | Found a transporter.
 22669 | Gauntlet | Found a transporter.
 22679 | Gauntlet | Found a transporter.
 22694 | Gauntlet | Found a transporter.
 22709 | Gauntlet | Found a transporter.
 22709 | Gauntlet | Found the ring of the Tortoise {AC+8}
 22724 | Gauntlet | Found a transporter.
 22727 | Gauntlet | Found a transporter.
 23056 | Gauntlet | Received a gift from Okawaru
 23123 | Gauntlet | Identified the +3 quarterstaff of No Interval {antimagic,
                  | rC++ Str+2 Int+5}
 23449 | D:13     | Reached skill level 1 in Evocations
 23630 | D:13     | Identified the +6 falchion of Demonkind {venom, Int+4
                  | Dex-5} (Okawaru gifted it to you on level 13 of the
                  | Dungeon)
 23630 | D:13     | Received a gift from Okawaru
 23851 | D:13     | Reached skill level 20 in Long Blades
 23859 | D:13     | Noticed Erolcha
 23877 | D:13     | Killed Erolcha
 23927 | D:13     | Reached skill level 15 in Armour
 23927 | D:13     | Reached XP level 15. HP: 55/139 MP: 14/14
 23937 | D:13     | Reached skill level 15 in Fighting
 24595 | D:14     | Noticed Frances
 24752 | D:14     | Acquired the ring of Qunkazue {rN+ AC+4 Str+4}
 24814 | D:13     | Slain by Frances

Illustrated notes

Levels and vault maps discovered:
D:1:      lightli_arrival_maybe_door_vault, layout_basic,
          hellmonk_ecumenical_altar_prayer_group
D:2:      layout_basic, grunt_ministairs_14
D:3:      layout_rooms, serial_aquarium, aquarium_bridge_square
          [aquarium_subvault_bridge, aquarium_subvault_wall,
          aquarium_subvault_wall, aquarium_subvault_bridge],
          aquarium_bridge_straight [aquarium_subvault_bridge,
          aquarium_subvault_balcony, aquarium_subvault_bridge,
          aquarium_subvault_wall], aquarium_window_1,
          aquarium_window_corridor_2, aquarium_window_corner, aquarium_window_1,
          aquarium_view_2a, aquarium_pool_1, uniq_crazy_yiuf_cottage, uniq_ijyb,
          uniq_robin
D:4:      layout_cave_pools, minmay_temple_entry_junction_2,
          minmay_misc_feat_tower, eino_tiny_chamber, uniq_natasha, uniq_menkaure
D:5:      layout_rooms, good_gods_temple_1, marbit_many_paths, serial_shops,
          shop
D:6:      layout_rooms, chequers_temple_overflow_statue_of_worship,
          mainiacjoe_overflow_divided_tiny, nicolae_shop_fire_sale
          [nicolae_sub_dead_trees], uniq_prince_ribbit1
D:7:      layout_rooms, mainiacjoe_overflow_concentric_impassable
D:8:      hangedman_cross_stitches, layout_basic, hellmonk_ghost_big_iron
D:9:      layout_stronghold
D:10:     layout_loops_ring, grunt_lair_entry_orc_guard_hut, erik_orc_3
D:11:     layout_gridville, uniq_grum
D:12:     layout_rooms, minmay_statue_bubble
D:13:     layout_loops_ring, gauntlet_entry_generic, nzn_random_ring,
          uniq_erolcha
D:14:     layout_small_grid, david_vaults_4, chequers_serial_rivers_large_a,
          minmay_diced_spiral, uniq_agnes, uniq_frances
Temple:   nicolae_temple_god_jail
Lair:1:   layout_regular_city, lemuel_fruit_tree, uniq_erica
Lair:2:   layout_roguey, minmay_snake_entry_six_corridors,
          dreamdust_mushroom_princess
Lair:3:   layout_regular_city, minmay_shoals_entry_centaurs, nzn_ghost_randoct,
          st_stairs_7
Lair:4:   layout_regular_city, st_stairs_3
Lair:5:   evilmike_catoblepas_cave, layout_cave_pods, slime_entry_1,
          ebering_ghost_xom
Orc:1:    layout_diamond_mine
Orc:2:    st_orc_mages, layout_diamond_mine, basic_altar, uniq_donald

Skill      XL: |  1  2  3  4  5  6  7  8  9 10 11 12 13 14 15 |
---------------+----------------------------------------------+-----
Long Blades    | 3 4 5 6 7 9 11 13 15 16 18 20 | 20.2
Fighting       | 4 5 6 7 8 10 11 12 13 14 15 | 15.0
Armour         | 4 5 6 7 8 10 11 12 13 15 | 15.0
Shields        | 4 5 |  5.0
Throwing       | 3 4 6 7 9 10 11 | 11.3
Evocations     | 1 2 |  2.1

Action                     |  1- 3 |  4- 6 |  7- 9 | 10-12 | 13-15 || total
---------------------------+-------+-------+-------+-------+-------++-------
  Melee: Long sword        |   100 |   123 |   183 |   550 |   783 ||  1739
         Headbutt          |     9 |    17 |    26 |   117 |   220 ||   389
         Scimitar          |       |       |       |       |    29 ||    29
  Throw: Dart              |       |       |       |       |     7 ||     7
         Throwing net      |       |       |       |       |     1 ||     1
         Javelin           |       |       |       |       |     2 ||     2
 Invoke: Heroism           |       |       |     1 |     9 |    19 ||    29
         Finesse           |       |       |       |       |     2 ||     2
  Evoke: Wand              |       |       |       |       |     2 ||     2
    Use: Potion            |       |     2 |       |       |     1 ||     3
         Scroll            |       |       |       |    19 |    11 ||    30
 Armour: Scale mail        |    58 |    79 |    17 |       |       ||   154
         Plate armour      |       |       |    69 |   316 |   503 ||   888
  Dodge: Dodged            |    55 |    57 |    54 |   136 |   243 ||   545
  Block: Buckler           |    19 |    35 |    49 |   118 |   189 ||   410
         Reflection        |       |       |       |       |     7 ||     7

Table legend: (Time is in decaauts)
 A = Elapsed time spent in this place.
 B = Non-inter-level travel time spent in this place.
 C = Inter-level travel time spent in this place.
 D = Time resting spent in this place.
 E = Time spent auto-exploring this place.
 F = Levels seen in this place.
 G = Mean time per level.
                   A        B        C        D        E       F      G
               +--------+--------+--------+--------+--------+-----+--------+
         Total |  24549 |  23324 |   1225 |   7636 |  11501 |  23 | 1067.3 |
       Dungeon |  13510 |  12713 |    797 |   4067 |   6752 |  14 |  965.0 |
        Temple |     79 |     61 |     18 |      0 |     23 |   1 |   79.0 |
          Lair |   7956 |   7680 |    276 |   2712 |   3797 |   5 | 1591.2 |
  Orcish Mines |   2290 |   2156 |    134 |    709 |    898 |   2 | 1145.0 |
      Gauntlet |    713 |    713 |      0 |    148 |     31 |   1 |  713.0 |
               +--------+--------+--------+--------+--------+-----+--------+

Top non-repeatable levels by time:
  Lair:5: 2074 daAuts
  Lair:3: 1901 daAuts
   Orc:2: 1841 daAuts
    D:13: 1675 daAuts
     D:9: 1529 daAuts
    D:10: 1464 daAuts
  Lair:1: 1357 daAuts
  Lair:2: 1351 daAuts
  Lair:4: 1272 daAuts
     D:4: 1216 daAuts
     D:2: 1027 daAuts
    D:12: 1022 daAuts
     D:3: 970 daAuts
     D:8: 951 daAuts
    D:11: 840 daAuts
